 Dungeon Crawl Stone Soup version 0.20.1-1-g8b1a95d (webtiles) character file.

222 Linguinho the Sneak (level 5, 0/38 HPs)
             Began as a Demonspawn Assassin on Oct 30, 2017.
             Slain by Grinder (3 damage)
             ... on level 3 of the Dungeon.
             The game lasted 00:03:49 (2100 turns).

Linguinho the Sneak (Demonspawn Assassin)           Turns: 2100, Time: 00:03:50

Health: 0/38       AC:  7    Str: 12    XL:     5   Next: 66%
Magic:  5/5        EV:  9    Int: 13    God:
Gold:   118        SH:  0    Dex: 14    Spells: 4/4 levels left

rFire    . . .     SeeInvis .   a - +2 dagger
rCold    . . .     Gourm    .   (no shield)
rNeg     . . .     Faith    .   p - +0 scale mail (curse)
rPois    .         Spirit   .   (no helmet)
rElec    .         Reflect  .   d - +0 cloak
rCorr    .         Harm     .   (no gloves)
MR       .....                  (no boots)
Stlth    +.........             (no amulet)
Regen    0.2/turn               (no ring)
MPRegen  0.1/turn               (no ring)

@: no status effects
A: talons 1, spiny 1
a: no special abilities


You were on level 3 of the Dungeon.
You were not hungry.

You visited 1 branch of the dungeon, and saw 3 of its levels.

You collected 118 gold pieces.

Inventory:

Hand Weapons
 a - a +2 dagger (weapon)
 b - a +0 blowgun
Missiles
 e - 19 poisoned needles
 f - 2 curare-tipped needles
Armour
 d - a +0 cloak (worn)
 i - a +0 leather armour
 p - a cursed +0 scale mail (worn)
Scrolls
 h - a scroll of magic mapping {unknown}
 j - a scroll of enchant armour {unknown}
 k - 4 scrolls of identify {unknown}
 l - 3 scrolls of enchant weapon {unknown}
 m - 2 scrolls of random uselessness {unknown}
 q - a scroll of immolation {unknown}
Potions
 o - a potion of brilliance {unknown}
 r - a potion of degeneration {unknown}
 s - a potion of berserk rage {unknown}
 t - a potion of flight {unknown}
 u - a potion of lignification {unknown}
Comestibles
 c - 2 meat rations
 g - a bread ration
 n - 4 fruits


   Skills:
 + Level 2.2 Fighting
 + Level 2.5 Short Blades
 + Level 1.9 Throwing
 * Level 3.1 Armour
 + Level 1.6 Dodging
 + Level 4.7 Stealth


You had 4 spell levels left.
You didn't know any spells.

Dungeon Overview and Level Annotations

Branches:
Dungeon (3/15)

Altars:

Annotations:
D:3 Grinder


Innate Abilities, Weirdness & Mutations

You have sharp toenails.
You are partially covered in sharp spines.


Message History

You hit Grinder. You claw Grinder.
Grinder is heavily wounded.
You hit Grinder. You claw Grinder.
Grinder is severely wounded.
Grinder blinks!
Grinder hits you.
You writhe in agony.
You completely miss Grinder.
Grinder is severely wounded.
Grinder gestures at you. Pain shoots through your body!
* * * LOW HITPOINT WARNING * * *
You are too injured to fight recklessly!
You are too injured to fight recklessly!
You are too injured to fight recklessly!
You hit Grinder but do no damage. Your kick misses Grinder.
Grinder is severely wounded.
Grinder is struck by your spines. Grinder hits you!
* * * LOW HITPOINT WARNING * * *
You writhe in agony.
You die...

####.## (.(...### ...†(...###
...†..#.#<### ####.##.....# #
#.##.....######## ###### #
#.##............# #....#
####.##............# #....#
#...............@5.####....#
#.##.#.....................#
#....#..#.##.............###
#..###..#.##.............########
..............................[..
#..#....######....#......#.######
#..#.#########....#......#.#
#..#.##...........#......#.#
.[...##...........#......#.####


You could see Grinder.

Vanquished Creatures
  The ghost of Linguinho the Sneak, an amateur DsAs (D:3)
  A crimson imp (D:3)
  An iguana (D:3)
  2 adders
  2 oozes
  A worm (D:2)
  2 dart slugs (D:2)
  2 leopard geckos (D:3)
  An orc (D:3)
  3 giant cockroaches
  4 goblins
  2 hobgoblins (D:1)
  6 jackals (D:3)
  3 kobolds
  A ball python (D:2)
  12 bats
  3 frilled lizards
  4 rats
51 creatures vanquished.

Notes
Turn   | Place    | Note
-------+----------+-------------------------------------------
     0 | D:1      | Linguinho the Demonspawn Assassin began the quest for the Orb.
     0 | D:1      | Reached XP level 1. HP: 16/16 MP: 1/1
   294 | D:1      | Gained mutation: You are partially covered in sharp spines. [demonic ancestry]
   294 | D:1      | Reached XP level 2. HP: 22/22 MP: 2/2
   515 | D:1      | Reached skill level 4 in Stealth
   573 | D:1      | Reached skill level 1 in Dodging
  1097 | D:2      | Gained mutation: You have sharp toenails. [demonic ancestry]
  1097 | D:2      | Reached XP level 3. HP: 27/27 MP: 3/3
  1155 | D:2      | Reached skill level 1 in Armour
  1550 | D:3      | Reached XP level 4. HP: 24/33 MP: 4/4
  1620 | D:3      | Noticed Linguinho's ghost (amateur DsAs)
  1675 | D:3      | Killed Linguinho's ghost
  1675 | D:3      | Reached XP level 5. HP: 21/38 MP: 5/5
  2074 | D:3      | Noticed Grinder
  2100 | D:3      | Slain by Grinder

Skill      XL: |  1  2  3  4  5 |
---------------+----------------+-----
Short Blades   | 2 |  2.5
Stealth        | 4 |  4.7
Dodging        | 1 |  1.6
Armour         | 1 2 3 |  3.1
Fighting       | |  2.2
Throwing       | |  1.9

Action                   |  1- 3 |  4- 6 || total
-------------------------+-------+-------++-------
Melee: Dagger            |    91 |    98 ||   189
       Kick              |     7 |    36 ||    43
 Stab: Sleeping          |    11 |     2 ||    13
  Eat: Chunk             |     1 |       ||     1
       Bread ration      |       |     1 ||     1
Armor: Robe              |     9 |       ||     9
       Leather armour    |    12 |       ||    12
       Scale mail        |    12 |    36 ||    48
Dodge: Dodged            |    38 |    33 ||    71
